 Dungeon Crawl Stone Soup version 0.19-a0-1223-gf83d13a (webtiles) character file.

244 Ihatecarrots00 the Skirmisher (level 5, -7/48 HPs)
             Began as a Minotaur Berserker on Aug 9, 2016.
             Was a Believer of Trog.
             Mangled by an ogre
             ... wielding a +0 giant spiked club
              (12 damage)
             ... on level 4 of the Dungeon on Aug 24, 2016.
             The game lasted 00:13:04 (3898 turns).

Ihatecarrots00 the Skirmisher (Minotaur Berserker)  Turns: 3898, Time: 00:13:04

Health: -7/48      AC:  9    Str: 22    XL:     5   Next: 83%
Magic:  4/4        EV:  9    Int:  4    God:    Trog [**....]
Gold:   203        SH:  0    Dex: 10    Spells: 0 memorised, 4 levels left

rFire  . . .     SeeInvis .     a - +0 falchion
rCold  . . .     Gourm    .     k - +0 chain mail
rNeg   . . .     Faith    .     (no shield)
rPois  .         Spirit   .     (helmet restricted)
rElec  .         Dismiss  .     (no cloak)
rCorr  .         Reflect  .     (no gloves)
MR     .....     Harm     .     (no boots)
Stlth  ..........               (no amulet)
                                (no ring)
                                (no ring)

@: no status effects
A: retaliatory headbutt, horns 2
a: Berserk, Trog's Hand, Burn Spellbooks, Renounce Religion


You were on level 4 of the Dungeon.
You worshipped Trog.
Trog was pleased with you.
You were not hungry.

You visited 1 branch of the dungeon, and saw 4 of its levels.

You collected 203 gold pieces.

Inventory:

Hand Weapons
 a - a +0 falchion (weapon)
 j - a +0 trident
 l - a +0 flail
Armour
 b - a +0 animal skin
 k - a +0 chain mail (worn)
Jewellery
 i - an uncursed ring of stealth {unknown}
Wands
 q - a wand of disintegration (11/24)
Scrolls
 e - a scroll of recharging {unknown}
 f - 2 scrolls of noise {unknown}
 h - a scroll of fog
 m - a scroll of teleportation {unknown}
Potions
 d - 2 potions of agility
 n - a potion of heal wounds {unknown}
 o - a potion of brilliance {unknown}
 p - 2 potions of berserk rage {unknown}
Comestibles
 c - 2 bread rations
 g - 2 beef jerkies


   Skills:
 + Level 5.2 Fighting
 + Level 5.0 Long Blades
 + Level 3.4 Armour
 + Level 3.7 Dodging
 + Level 1.5 Stealth


You had 4 spell levels left.
You didn't know any spells.

Dungeon Overview and Level Annotations

Branches:
Dungeon (4/15)
 Temple: D:4-7

Altars:
Ashenzari
Gozag
Kikubaaqudgha


Innate Abilities, Weirdness & Mutations

You reflexively headbutt those who attack you in melee.
You have a pair of horns on your head.


Message History

The iguana is lightly wounded.
The iguana bites you. The ogre misses you. You furiously retaliate!
You headbutt the ogre.
Your chain mail prevents you from hitting the iguana.
The iguana is lightly wounded.
The iguana bites you.
The ogre hits you with a giant spiked club!!
You slash the iguana!
The iguana is heavily wounded.
The iguana closely misses you.
You riposte.
You hit the iguana.
You headbutt the iguana, but do no damage.
The iguana is severely wounded.
You hit the iguana.
You kill the iguana!
Trog accepts your kill.
Your Long Blades skill increases to level 5!
The ogre hits you with a giant spiked club!
* * * LOW HITPOINT WARNING * * *
The ogre hits you with a giant spiked club!
You die...

#....##...
#.##.##......#..........
.......... ..#..........
#......... ..#..........
#.......< ...#.....##...
......... ...#.....##...
#.#.....# #.............
#...)..O###....####.....
[......@.......# #.....
..)......#.....# #.....
.........#..#### #.###..
.........##.# #.# #..
##+####..##.# #.# #..
##..##.###.# ####..
...........# #....#
...........# #....#
...........####....#


You could see an ogre.

Vanquished Creatures
  The ghost of mhoghedin the Stinger, a weakling OpVM (D:3)
  A hound (D:4)
  An iguana (D:4)
  3 gnolls (D:3)
  2 adders
  An ooze (D:4)
  An adder skeleton (D:4)
  2 worms
  3 dart slugs (D:1)
  4 giant geckos
  2 ball pythons
  2 giant cockroaches
  10 goblins
  14 hobgoblins
  7 jackals (D:2)
  13 kobolds
  10 bats
  2 giant newts
  7 rats
86 creatures vanquished.

Vanquished Creatures (others)
  A human (D:4)
1 creature vanquished.

Grand Total: 87 creatures vanquished

Notes
Turn   | Place    | Note
-------+----------+-------------------------------------------
     0 | D:1      | Ihatecarrots00 the Minotaur Berserker began the quest for the Orb.
     0 | D:1      | Reached XP level 1. HP: 19/19 MP: 0/0
   109 | D:1      | Reached XP level 2. HP: 27/27 MP: 1/1
   113 | D:1      | Upgraded the game from 0.19-a0-1107-gc676ff4 to 0.19-a0-1128-gc4a0c12
   148 | D:1      | Upgraded the game from 0.19-a0-1128-gc4a0c12 to 0.19-a0-1168-g98094fc
   164 | D:1      | Upgraded the game from 0.19-a0-1168-g98094fc to 0.19-a0-1216-g363869b
   818 | D:1      | Reached XP level 3. HP: 23/33 MP: 2/2
  2084 | D:2      | Reached XP level 4. HP: 18/41 MP: 3/3
  2812 | D:3      | Found an opulent altar of Gozag.
  2812 | D:3      | Found a shattered altar of Ashenzari.
  2907 | D:3      | Reached ** piety under Trog
  3141 | D:3      | Noticed mhoghedin's ghost (weakling OpVM)
  3162 | D:3      | Killed mhoghedin's ghost
  3162 | D:3      | Reached skill level 1 in Stealth
  3196 | D:3      | Reached XP level 5. HP: 27/47 MP: 4/4
  3459 | D:3      | Upgraded the game from 0.19-a0-1216-g363869b to 0.19-a0-1223-gf83d13a
  3565 | D:3      | Reached skill level 5 in Fighting
  3818 | D:4      | Found an ancient bone altar of Kikubaaqudgha.
  3819 | D:4      | Noticed a human
  3822 | D:4      | Killed a human
  3890 | D:4      | Noticed an ogre
  3897 | D:4      | Reached skill level 5 in Long Blades
  3898 | D:4      | Mangled by an ogre

Vault maps used:
D:1:      lightli_iron_boxes, serial_forest, infiniplex_forest_clump_medium,
          infiniplex_forest_side_room, infiniplex_forest_lined_corner,
          infiniplex_forest_side_room, infiniplex_forest_clump_long,
          infiniplex_forest_lined_3, infiniplex_forest_lined_1,
          minmay_tiny_reverse_x
D:3:      corexii_shack_village, gammafunk_temple_overflow_pools,
          serial_park_tiny_pond
D:4:      kennysheep_mini, serial_shops, kennysheep_mini_moat, first_bread,
          hangedman_abyss_or_decor_lesser_grid, minivault_24,
          serial_bayou_pond_e, tgw_kikubaaqudgha

Skill      XL: |  1  2  3  4  5 |
---------------+----------------+-----
Long Blades    | 4 5 |  5.0
Fighting       | 4 5 |  5.2
Dodging        | 3 |  3.7
Stealth        | 1 |  1.5
Armour         | 3 |  3.4

Action                   |  1- 3 |  4- 6 || total
-------------------------+-------+-------++-------
Melee: Falchion          |   108 |   108 ||   216
       Headbutt          |    23 |    10 ||    33
  Use: Scroll            |     2 |       ||     2
  Eat: Bread ration      |     1 |       ||     1
       Meat ration       |       |     1 ||     1
Armor: Animal skin       |    14 |       ||    14
       Chain mail        |     5 |    45 ||    50
Dodge: Dodged            |    73 |    55 ||   128
